Match 47472200
Unlisted

Match 47472200
End
Royal Engineer Section
Construct Section Command Post
Selects Australian Defense Battlegroup
Selects Australian Light Infantry Section
Dingo Light Scout Car
Australian Light Infantry Section
Australian Light Infantry Section
Selects Defensive Tactics
Construct Platoon Command Post
Australian Light Infantry Section
Humber Armored Car
Vickers Machine Gun Team
Selects Hold the Line!
6-pounder Anti-tank Gun Team
Infantry Training
Selects CMP 15cwt Supply Run
Team Weapon Training
Unlock Bishop Self-propelled Artillery
Construct Field Infirmary
Selects Reinforced Resource Caches
6-pounder Anti-tank Gun Team
Bishop Self-propelled Artillery
Vickers Machine Gun Team
Hold the Line!
Bishop Self-propelled Artillery
Carecup
ILuvSilicon
Воин вацапа
Angry Android
MrStealYourHitler
Soldier6432
0
0

Comments sign in to comment!

No comments posted yet!